AoeStats
← Charlemagne

Pilgrims

507953298Analyzed
3v3 RM · 12d ago on Sep 20, 2026· 69m 46s· 6 players
Game mode
Random Map
Map size
Normal (6 player)
Population
200
Speed
Normal
Resources
Standard
Victory
Conquest
Starting age
Dark Age
Ending age
Imperial Age
RankedLock teamsTeams togetherTeam positionsShared explorationLock speedFull tech treeHidden civsTurbo modeCheats
Victory
Defeat
🇭🇰 Persians · Hong Kong SAR China
943
+15
🇨🇳 Franks · China
932
+15
🇨🇳 Franks · China
921
+16
🇩🇪 Wei · Germany
944
-16
🇳🇴 Cumans · Norway
919
-15
🇰🇿 Portuguese · Kazakhstan
898
-15
Charlemagne
9:58 Feudal Age
16:36 Castle Age
17:21 Double-Bit Axe
19:30 Fishing Lines
21:01 Wheelbarrow
20:41 Scale Barding Armor
20:47 Forging
21:04 Gillnets
24:50 Husbandry
27:34 Fletching
33:38 Loom
38:33 Sanctity
38:14 Horse Collar
38:48 Bow Saw
39:20 Heavy Plow
44:20 Imperial Age
44:57 Chain Barding Armor
45:12 Iron Casting
45:01 Ballistics
45:05 Elite Tiger Cavalry
47:36 Blast Furnace
49:59 Scale Mail Armor
49:35 Pikeman
50:17 Squires
50:06 Halberdier
51:59 Chain Mail Armor
jAh^.
10:50 Feudal Age
9:46 Loom
11:28 Fishing Lines
11:58 Double-Bit Axe
13:40 Wheelbarrow
14:48 Horse Collar
18:24 Gold Mining
20:45 Castle Age
19:27 Forging
21:06 Capped Ram
21:39 Man-at-Arms
22:21 Squires
22:49 Fervor
22:55 Bow Saw
22:52 Long Swordsman
24:11 Gold Shaft Mining
24:48 Arson
25:28 Heavy Plow
25:21 Stone Mining
26:02 Hand Cart
26:35 Gillnets
30:44 Imperial Age
29:24 Iron Casting
28:49 Scale Mail Armor
30:44 Chain Mail Armor
30:20 Fletching
31:10 Two-Handed Swordsman
32:59 Blast Furnace
32:30 Plate Mail Armor
31:27 Siege Ram
33:05 Crop Rotation
32:48 Bow Saw
32:59 Champion
35:19 Chemistry
34:40 Ballistics
38:29 Bodkin Arrow
38:35 Padded Archer Armor
39:28 Elite Skirmisher
41:39 Thumb Ring
42:44 Conscription
43:05 Hoardings
43:25 Clinker Construction
43:28 Masonry
43:40 Steppe Husbandry
43:01 Elite Kipchak
43:30 Town Watch
45:41 Leather Archer Armor
56:54 Pikeman
59:37 Ring Archer Armor
58:30 Halberdier
65:47 Murder Holes
Кизяка
10:05 Feudal Age
11:13 Horse Collar
11:24 Double-Bit Axe
15:50 Forging
15:31 Fletching
15:49 Scale Mail Armor
16:50 Gold Mining
20:54 Castle Age
19:09 Fletching
19:21 Padded Archer Armor
22:24 Iron Casting
22:26 Pikeman
23:13 Thumb Ring
22:30 Crossbowman
23:20 Elite Skirmisher
24:35 Heavy Plow
25:28 Bow Saw
26:08 Wheelbarrow
25:19 Town Watch
29:58 Bodkin Arrow
30:19 Leather Archer Armor
33:08 Imperial Age
31:19 Bodkin Arrow
31:40 Leather Archer Armor
32:17 Loom
32:32 Town Patrol
32:48 Hand Cart
35:53 Two-Man Saw
35:27 Crop Rotation
35:53 Arbalester
37:47 Two-Man Saw
39:30 Chemistry
38:51 Ballistics
39:33 Chemistry
38:32 Murder Holes
39:36 Guard Tower
39:57 Siphons
40:04 Clinker Construction
40:07 Careening
41:47 Halberdier
43:32 Blast Furnace
42:32 Bracer
43:02 Ring Archer Armor
45:19 Stone Mining
49:15 Arson
51:34 Scale Barding Armor
51:45 Chain Mail Armor
52:30 Blast Furnace
53:53 Light Cavalry
54:44 Bloodlines
54:51 Husbandry
58:52 Chain Barding Armor
59:02 Plate Mail Armor
60:58 Cavalier
Ming
5:53 Loom
12:05 Feudal Age
13:11 Fishing Lines
18:49 Castle Age
18:14 Stone Mining
18:15 Gold Mining
20:35 Scale Barding Armor
20:44 Forging
22:05 Double-Bit Axe
23:41 Husbandry
29:40 Imperial Age
27:55 Wheelbarrow
30:55 Gold Shaft Mining
32:14 Hand Cart
32:57 Elite Throwing Axeman
34:01 #83
34:03 Conscription
35:28 Hoardings
36:25 Fletching
37:11 Iron Casting
37:36 Bodkin Arrow
38:03 Chain Barding Armor
38:51 Cavalier
44:12 Plate Barding Armor
43:41 Light Cavalry
44:08 Paladin
47:36 Gillnets
50:25 Blast Furnace
62:05 Bow Saw
63:52 Medium Warships
67:30 Chemistry
彬彬有礼
7:30 Loom
15:42 Feudal Age
19:46 Castle Age
17:52 Double-Bit Axe
34:37 Bow Saw
35:07 Wheelbarrow
35:10 Husbandry
38:35 Imperial Age
36:47 Hand Cart
37:15 Gold Mining
37:15 Stone Mining
41:23 Elite Throwing Axeman
42:56 Gold Shaft Mining
41:44 Cavalier
42:41 Forging
42:37 Scale Barding Armor
42:34 Scale Mail Armor
42:44 Pikeman
43:26 Squires
43:13 Gambesons
43:15 Arson
43:36 Chivalry
44:20 Conscription
43:57 Halberdier
45:52 Paladin
49:45 #83
64:23 Elite Skirmisher
旺旺
12:03 Feudal Age
12:27 Double-Bit Axe
21:56 Castle Age
19:52 Stone Mining
23:10 Bow Saw
22:46 Horse Collar
24:59 Gold Mining
33:11 Imperial Age
31:20 Scale Barding Armor
32:53 Wheelbarrow
32:52 Forging
33:19 Scale Mail Armor
33:49 Arson
34:58 Husbandry
36:45 Bloodlines
38:23 Two-Man Saw
37:24 Cavalier
39:17 Chain Barding Armor
39:33 Iron Casting
39:48 Hand Cart
40:39 Chain Mail Armor
40:28 Heavy Plow
43:12 Crop Rotation
43:20 Squires
42:43 Pikeman
43:48 Halberdier
46:46 Plate Mail Armor
46:51 Plate Barding Armor
47:17 Blast Furnace
47:03 Elite War Elephant
48:55 Conscription
57:33 Savar
Connection lost

Rejoining the realm…

Still unreachable

The connection could not be restored.

Session expired

The server has moved on; the page needs a fresh start.